 Dungeon Crawl Stone Soup version 0.31-a0-1009-g454b1f1e0a (webtiles) character file.

Game seed: 15639910250824769953

1216 EC1 the Skirmisher (level 8, -2/48 HPs)
             Began as a Gargoyle Hunter on Nov 15, 2023.
             Was a Follower of Zin.
             Slain by a centaur (4 damage)
             ... on level 6 of the Dungeon.
             The game lasted 00:18:15 (6073 turns).

EC1 the Skirmisher (Gargoyle Hunter)                Turns: 6073, Time: 00:18:15

Health: -2/48      AC:  6    Str: 20    XL:     8   Next: 46%
Magic:  8/8        EV: 12    Int: 11    God:    Zin [*.....]
Gold:   125        SH:  0    Dex: 15    Spells: 7/7 levels left

rFire   . . .        a - +1 shortbow
rCold   . . .        (shield currently unavailable)
rNeg    + . .        (no body armour)
rPois   ∞            (no helmet)
rElec   +            (no cloak)
rCorr   .            (no gloves)
SInv    .            u - +0 pair of boots
Will    .....        (no amulet)
Stlth   ++           o - +6 ring of strength
HPRegen 0.28/turn    (no ring)
MPRegen 0.11/turn

%: no passive effects
@: studying Polearms
A: sickness immunity, AC +5, negative energy resistance 1, electricity
resistance, torment resistance 1, petrification resistance
a: Renounce Religion, Recite, Donate Gold


You were on level 6 of the Dungeon.
You worshipped Zin.
Zin was aware of your devotion.
You visited 2 branches of the dungeon, and saw 7 of its levels.

You collected 255 gold pieces.
You donated 130 gold pieces to Zin.

Inventory:

Hand Weapons
 a - a +1 shortbow (weapon)
 b - a +0 dagger of draining
 c - a +0 quarterstaff
 f - a +0 dagger of flaming
 n - a +0 double sword
 t - a +2 flail of protection
 A - a +0 sling
Armour
 d - a +0 leather armour
 e - a +0 buckler
 j - a +0 robe
 l - a +0 plate armour
 q - a +0 robe
 u - a +0 pair of boots (worn)
Jewellery
 o - a +6 ring of strength (left hand)
Talismans
 s - a beast talisman
Wands
 v - a wand of flame (3)
Scrolls
 r - 3 scrolls of teleportation
 y - a scroll of immolation
 z - a scroll of fear
Potions
 g - 3 potions of invisibility
 h - a potion of ambrosia
 i - a potion of degeneration
 k - a potion of curing
 m - 2 potions of resistance {unknown}
 p - a potion of haste {unknown}
 w - a potion of heal wounds {unknown}
 x - 2 potions of might {unknown}
 B - a potion of mutation {unknown}
 C - a potion of attraction {unknown}


   Skills:
 + Level 4.7 Fighting
 + Level 0.1 Short Blades
 + Level 9.4 Ranged Weapons
 + Level 0.4 Armour
 + Level 2.4 Dodging
 + Level 2.4 Stealth


You had 7 spell levels left.
You didn't know any spells.
Your spell library contained the following spells:

 Spells                   Type           Power      Damage    Failure   Level
 Necrotise                Necr           0%         1d4       34%         1
 Shock                    Conj/Air       0%         1d3       34%         1
 Swiftness                Air            0%         N/A       71%         3
 Vampiric Draining        Necr           0%         2d6       71%         3
 Airstrike                Air            0%         2d(0-16)  98%         4
 Agony                    Necr           0%         N/A       100%        5


Dungeon Overview and Level Annotations

Branches:
Dungeon (6/15)             Temple (1/1) D:5

Altars:
Ashenzari
Cheibriados
Dithmenos
Elyvilon
Fedhas
Gozag
Kikubaaqudgha
Makhleb
Nemelex Xobeh
Okawaru
Qazlal
Ru
Trog
Vehumet
Wu Jian
Xom
Yredelemnul
Zin
The Shining One

Shops:
D:3 :   D:6 :


Innate Abilities, Weirdness & Mutations

You are immune to sickness and miasma.
Your stone body is resilient. (AC +5)
You are immune to poison.
You resist negative energy. (rN+)
You are resistant to electric shocks. (rElec)
You are resistant to unholy torment.
You are immune to petrification.


Message History

Press: ? - help, Q - select action, (/) - cycle Shift-Dir - straight line, f/p - phantom
Aim: a phantom (almost destroyed, 57% to hit)
You shoot an arrow. The arrow barely misses the phantom.
The phantom hits you but does no damage.
Fire: a) +1 shortbow
Press: ? - help, Q - select action, (/) - cycle Shift-Dir - straight line, f/p - phantom
Aim: a phantom (almost destroyed, 57% to hit)
You shoot an arrow. The arrow barely misses the phantom.
The centaur unwields a +0 shortbow.
The centaur barely misses you. x2
The centaur wields a +0 shortbow.
The centaur shoots an arrow.
The arrow closely misses you.
The phantom hits you but does no damage.
Fire: a) +1 shortbow
Press: ? - help, Q - select action, (/) - cycle Shift-Dir - straight line, f/p - phantom
Aim: a phantom (almost destroyed, 57% to hit)
You shoot an arrow. The arrow closely misses the phantom.
The centaur shoots an arrow.
The arrow hits you!
* * * LOW HITPOINT WARNING * * *
The phantom closely misses you.
The centaur shoots an arrow.
The arrow hits you!
* * * LOW HITPOINT WARNING * * *
Fire: a) +1 shortbow
Press: ? - help, Q - select action, (/) - cycle Shift-Dir - straight line, f/p - phantom
Aim: a phantom (almost destroyed, 57% to hit)
You shoot an arrow. The arrow hits the phantom.
The phantom is almost destroyed.
The phantom hits you.
* * * LOW HITPOINT WARNING * * *
The phantom blinks!
You blink.
Fire: a) +1 shortbow
Press: ? - help, Q - select action, (/) - cycle Shift-Dir - straight line, f/p - phantom
Aim: a phantom (almost destroyed, 57% to hit)
You shoot an arrow. The arrow hits the phantom!
You destroy the phantom!
The centaur shoots an arrow.
The arrow barely misses you.
The centaur unwields a +0 shortbow.
The centaur hits you but does no damage.
The centaur kicks you but does no damage.
You shoot an arrow. The arrow barely misses the centaur.
The centaur hits you.
You die...

########
##......#
##...@c..##
#....#'#§.#
##.#.##.##.#
#....#.:.#..#
###
#...#######.#
..#
#.#.#....)#.#
#.#
#...'.....#..
.8#
##.#########.#
..##########.#
[#


You could see a centaur.

Vanquished Creatures
  A water moccasin (D:6)
  A sky beast (D:6)
  2 phantoms
  2 bullfrogs (D:6)
  3 scorpions
  2 electric eels (D:6)
  A crimson imp (D:5)
  3 orc priests
  2 hounds (D:6)
  A jelly (D:6)
  2 iguanas
  A sleepcap (D:6)
  2 orc wizards
  4 adders
  A white imp (D:5)
  3 worms
  3 dart slugs
  15 orcs
  6 ball pythons
  4 endoplasms
  6 giant cockroaches
  6 goblins
  7 hobgoblins
  3 jackals (D:2)
  6 kobolds
  A quokka (D:3)
  9 bats
  2 frilled lizards
  6 rats
  A butterfly (D:5)
106 creatures vanquished.

Notes
Turn   | Place    | Note
-------+----------+-------------------------------------------
     0 | D:1      | EC1 the Gargoyle Hunter began the quest for the Orb.
     0 | D:1      | Reached XP level 1. HP: 12/12 MP: 1/1
    53 | D:1      | Found a faded altar of an unknown god.
   394 | D:1      | Reached XP level 2. HP: 17/17 MP: 2/2
  1464 | D:2      | Reached XP level 3. HP: 21/21 MP: 3/3
  2169 | D:2      | Reached skill level 5 in Ranged Weapons
  2619 | D:3      | Reached XP level 4. HP: 23/27 MP: 4/4
  2880 | D:3      | Found Apeik's Vocational Training.
  3060 | D:3      | Reached XP level 5. HP: 31/31 MP: 5/5
  3628 | D:4      | Reached skill level 6 in Ranged Weapons
  4146 | D:5      | Entered Level 5 of the Dungeon
  4163 | D:5      | Reached XP level 6. HP: 35/37 MP: 6/6
  4372 | D:5      | Reached skill level 7 in Ranged Weapons
  4401 | D:5      | Found a staircase to the Ecumenical Temple.
  4669 | D:5      | Reached XP level 7. HP: 38/42 MP: 7/7
  5095 | Temple   | Entered the Ecumenical Temple
  5211 | Temple   | Became a worshipper of Zin the Law-Giver
  5211 | Temple   | Reached * piety under Zin
  5578 | D:6      | Reached skill level 8 in Ranged Weapons
  5667 | D:6      | Reached XP level 8. HP: 35/48 MP: 8/8
  5836 | D:6      | Donated 105 gold pieces to Zin
  5887 | D:6      | Found Unnecluj's Book Shoppe.
  5945 | D:6      | Reached skill level 9 in Ranged Weapons
  6070 | D:6      | HP: 1/48 [phantom (3)]
  6073 | D:6      | Slain by a centaur

Illustrated notes

Levels and vault maps discovered:
D:1:      lemuel_arrival_room, layout_basic, ebering_ecumenical_altar_mist
D:2:      layout_loops_ring
D:3:      layout_loops_ring, nicolae_shop_vocational
D:4:      layout_basic
D:5:      layout_loops_ring, minmay_temple_entry_butterflies,
          minmay_fire_ice_demons
D:6:      kennysheep_windowed_halls, layout_basic, nicolae_stop_n_shop_1,
          hangedman_decor_diamond_cutter, kennysheep_big_empty_room,
          minmay_divided_ellipse
Temple:   compressed_dpeg_triangle_lava_temple

Skill      XL: |  1  2  3  4  5  6  7  8 |
---------------+-------------------------+-----
Ranged Weapons | 5 6 7 8 9 |  9.4
Dodging        | 2 |  2.4
Fighting       | 3 4 |  4.7
Stealth        | 2 |  2.4
Short Blades   | |  0.1
Armour         | |  0.4

Action                     |  1- 3 |  4- 6 |  7- 9 || total
---------------------------+-------+-------+-------++-------
  Melee: Dagger            |    25 |       |       ||    25
   Fire: Shortbow          |   172 |   181 |   133 ||   486
 Invoke: Donate Gold       |       |       |     1 ||     1
    Use: Scroll            |     6 |     6 |     1 ||    13
 Armour: Leather armour    |    12 |       |       ||    12
         Robe              |    94 |    37 |       ||   131
         Skin              |       |    27 |    61 ||    88
  Dodge: Dodged            |   130 |    55 |    35 ||   220

Table legend: (Time is in decaauts)
 A = Elapsed time spent in this place.
 B = Non-inter-level travel time spent in this place.
 C = Inter-level travel time spent in this place.
 D = Time resting spent in this place.
 E = Time spent auto-exploring this place.
 F = Levels seen in this place.
 G = Mean time per level.
                   A        B        C        D        E       F      G
               +--------+--------+--------+--------+--------+-----+--------+
         Total |   6120 |   6000 |    120 |    653 |   2829 |   7 |  874.3 |
       Dungeon |   5996 |   5876 |    120 |    653 |   2829 |   6 |  999.3 |
        Temple |    123 |    123 |      0 |      0 |      0 |   1 |  123.0 |
               +--------+--------+--------+--------+--------+-----+--------+

Top non-repeatable levels by time:
     D:1: 1308 daAuts
     D:2: 1300 daAuts
     D:5: 1174 daAuts
     D:3: 870 daAuts
     D:4: 703 daAuts
     D:6: 638 daAuts
  Temple: 123 daAuts
